 Dungeon Crawl Stone Soup version 0.22-a0-596-gfbd32a6 (webtiles) character file.

9418 royokou the Severer (level 11, -2/89 HPs)
             Began as a Minotaur Fighter on July 6, 2018.
             Was an Elder of Makhleb.
             Slain by a spatial maelstrom (6 damage)
             ... on level 1 of the Abyss.
             The game lasted 00:28:17 (6907 turns).

royokou the Severer (Minotaur Fighter)              Turns: 6907, Time: 00:28:17

Health: -2/89      AC: 13    Str: 26    XL:     11   Next: 22%
Magic:  10/10      EV: 14    Int:  3    God:    Makhleb [****..]
Gold:   806        SH:  0    Dex: 13    Spells: 10/10 levels left

rFire    + . .     SeeInvis .   N - +4 battleaxe
rCold    + . .     Gourm    .   (shield currently unavailable)
rNeg     . . .     Faith    .   v - +1 chain mail
rPois    +         Spirit   .   (helmet restricted)
rElec    .         Reflect  .   y - scarf {rC+ rF+}
rCorr    .         Harm     .   p - +2 pair of gloves
MR       .....                  (no boots)
Stlth    ..........             j - amulet of regeneration
HPRegen  0.64/turn              L - ring of poison resistance
MPRegen  0.12/turn              O - +2 ring of evasion

@: mighty, drained
A: retaliatory headbutt, horns 2, dopey 1, frail 1
a: Minor Destruction, Lesser Servant of Makhleb, Major Destruction, Renounce
Religion


You were on level 1 of the Abyss.
You worshipped Makhleb.
Makhleb was greatly pleased with you.
You were hungry.

You visited 1 branch of the dungeon, and saw 9 of its levels.
You visited the Abyss 1 time.
You also visited: Sewer.

You collected 806 gold pieces.

Inventory:

Hand Weapons
 a - a +1 war axe
 i - a +0 mace
 s - a +0 flail
 u - the +0 flail of Doatejur {flame, Dex+2}
   (You found it on level 4 of the Dungeon)

   It has been specially enchanted to burn those struck by it, causing extra
   injury to most foes and up to half again as much damage against particularly
   susceptible opponents.
   It affects your dexterity (+2).
 N - a +4 battleaxe (weapon)
Armour
 b - a +0 scale mail
 c - a +0 shield
 p - a +2 pair of gloves (worn)
 v - a +1 chain mail (worn)
 y - a scarf of resistance (worn)
Jewellery
 j - an amulet of regeneration (around neck)
 t - an uncursed amulet of guardian spirit
 L - a ring of poison resistance (left hand)
 M - the ring "Moejee" {*Tele rF+ Str+4}
   (You found it on level 7 of the Dungeon)

   [ring of teleportation]

   It may teleport you next to monsters.
   It affects your strength (+4).
   It protects you from fire.
 O - a +2 ring of evasion (right hand)
 T - a +2 amulet of reflection {unknown}
Wands
 n - a wand of paralysis (26)
 F - a wand of clouds (7)
 I - a wand of enslavement (7)
 J - a wand of acid (10)
 Q - a wand of flame (23)
 R - a wand of scattershot (2)
 S - a wand of digging (20)
Scrolls
 k - 2 scrolls of teleportation
 l - 2 scrolls of remove curse
 o - 3 scrolls of blinking
 x - 2 scrolls of fear
 B - 2 scrolls of magic mapping
 C - a scroll of fog
 H - a scroll of immolation
Potions
 d - a potion of might
 h - 7 potions of curing
 m - 2 potions of flight
 q - a potion of lignification {unknown}
 r - 2 potions of mutation {unknown}
 w - a potion of resistance {unknown}
 z - 2 potions of heal wounds
 A - 2 potions of brilliance
 D - 2 potions of magic
 E - 4 potions of cancellation
 G - 2 potions of haste {unknown}
 K - a potion of invisibility {unknown}
 P - a potion of agility {unknown}
Miscellaneous
 g - a fan of gales
Comestibles
 f - 15 rations


   Skills:
 + Level 10.1(9.8) Fighting
 + Level 16.6(16.3) Axes
 - Level 3.6(3.4) Armour
 + Level 8.6(8.3) Dodging
 - Level 3.6(3.4) Shields


You had 10 spell levels left.
You didn't know any spells.
Your spell library contained the following spells:

 Spells                   Type           Power        Failure   Level  Hunger
 Cause Fear               Hex            #.........   100%        4    #####..
 Deflect Missiles         Chrm/Air       #.........   100%        6    #######
 Silence                  Hex/Air        #.........   100%        5    ######.
 Discord                  Hex            #.........   100%        8    #######
 Yara's Violent Unravell  Hex/Tmut       #.........   100%        5    ######.


Dungeon Overview and Level Annotations

Branches:
Dungeon (9/15)             Temple (0/1) D:4
   Lair: D:8-11         Orc: D:9-12

Altars:
Ashenzari
Dithmenos
Fedhas
Gozag
Hepliaklqana
Kikubaaqudgha
Makhleb
Qazlal
Wu Jian
Yredelemnul

Annotations:
D:4 exclusion: oklob plant
D:9 Erolcha


Innate Abilities, Weirdness & Mutations

You reflexively headbutt those who attack you in melee.
You have a pair of horns on your head.
You are dopey. (Int -2)
You are frail. (-10% HP)


Message History

A spatial vortex comes into view.
The spatial maelstrom barely misses you. x2
A spatial vortex comes into view.
The spatial maelstrom misses you. You furiously retaliate!
You headbutt the spatial maelstrom. The spatial maelstrom misses you.
The spatial vortex misses you. The smoke demon gestures at you.
Something smites you!
* * * LOW HITPOINT WARNING * * *
The spatial vortex closely misses you. The spatial maelstrom misses you.
The spatial maelstrom hits you.
* * * LOW HITPOINT WARNING * * *
Space bends around you.
* * * LOW HITPOINT WARNING * * *
The spatial vortex barely misses you. You furiously retaliate!
You headbutt the spatial vortex!! The spatial maelstrom hits you!
* * * LOW HITPOINT WARNING * * *
Space bends around you.
You die...

#.# .. #..##..... #
#..#.###...#..
..#..#.# ..##. #
.#.....###.###.# .
.....#.....#.# # #
#.........# .. #
#.#...34#.####.#..
..v..##vv##§#.. ...
. v.. #@.3## 4.....#
.##....#.#..##.#.###
#..#.#.#.#...#...§
.. ..### .....# #.
... .# .....# #.
#### .# ##.## . .#
##. #. .


You could see a spatial maelstrom, a spatial vortex, a hellwing and 2 smoke
demons.

Vanquished Creatures
  An eidolon (Abyss:1)
  A quicksilver dragon zombie (Abyss:1)
  A two-headed ogre (D:6)
  Pikel (D:6)
  A fire giant zombie (Abyss:1)
  Joseph (D:8)
  Maurice (D:9)
  An orange demon (Abyss:1)
  A hellwing (Abyss:1)
  A slime creature (D:4)
  A troll (D:9)
  Prince Ribbit (D:6)
  2 hippogriffs (D:7)
  Grinder (D:6)
  A neqoxec (Abyss:1)
  Menkaure (D:5)
  A water moccasin (D:6)
  A small abomination (Abyss:1)
  A sky beast (D:8)
  An ice beast (D:7)
  3 slaves (D:6)
  2 black bears
  A necrophage (D:6)
  An ogre (D:7)
  5 phantoms
  A centaur (D:6)
  9 bullfrogs
  Blork the orc (D:5)
  2 water moccasin zombies
  A scorpion (D:8)
  A water moccasin skeleton (D:8)
  4 killer bees (D:7)
  5 wights
  A howler monkey (D:7)
  3 crimson imps
  2 bullfrog zombies (D:8)
  A jelly (D:7)
  A centaur skeleton (D:8)
  4 hounds
  A gnoll shaman (D:3)
  2 orc priests (D:6)
  7 orc wizards
  An iron imp (Abyss:1)
  A bullfrog skeleton (D:7)
  An iguana (D:6)
  6 worker ants
  2 hound skeletons
  6 gnolls
  18 adders
  A howler monkey skeleton (D:7)
  4 river rats (Sewer)
  A shadow imp (D:6)
  An ooze (D:2)
  An adder skeleton (D:2)
  2 worms
  2 dart slugs
  6 leopard geckos
  26 orcs
  3 bats
  2 giant cockroaches
  6 goblins
  3 hobgoblins
  3 jackals (D:2)
  4 quokkas
  11 ball pythons
  7 frilled lizards
  A jackal skeleton (D:5)
  3 kobolds
  26 rats
227 creatures vanquished.

Vanquished Creatures (collateral kills)
  A bullfrog (D:8)
  A quasit (D:8)
  An orc wizard (D:8)
  An adder (D:8)
4 creatures vanquished.

Vanquished Creatures (others)
  A slave (D:6)
  An orc wizard (D:6)
  4 orcs (D:6)
  13 starspawn tentacles (Abyss:1)
19 creatures vanquished.

Grand Total: 250 creatures vanquished

Notes
Turn   | Place    | Note
-------+----------+-------------------------------------------
     0 | D:1      | royokou the Minotaur Fighter began the quest for the Orb.
     0 | D:1      | Reached XP level 1. HP: 19/19 MP: 0/0
   108 | D:1      | Reached skill level 3 in Axes
   152 | D:1      | Reached XP level 2. HP: 25/26 MP: 1/1
   601 | D:2      | Reached skill level 4 in Axes
   654 | D:2      | Reached XP level 3. HP: 21/31 MP: 2/2
   931 | D:2      | Found a shattered altar of Ashenzari.
   944 | D:2      | Reached skill level 5 in Axes
  1190 | D:3      | Reached XP level 4. HP: 39/39 MP: 3/3
  1629 | D:3      | Found a burning altar of Makhleb.
  1636 | D:3      | Became a worshipper of Makhleb the Destroyer
  2065 | D:3      | Reached skill level 6 in Axes
  2067 | D:3      | Reached XP level 5. HP: 36/45 MP: 4/4
  2196 | D:4      | Reached skill level 14 in Axes
  2196 | D:4      | Reached XP level 6. HP: 51/51 MP: 5/5
  2204 | D:4      | Found a transporter.
  2204 | D:4      | Found a basalt altar of Yredelemnul.
  2205 | D:4      | Noticed a slime creature
  2233 | D:4      | Found a transporter.
  2254 | D:4      | Killed a slime creature
  2254 | D:4      | Reached skill level 15 in Axes
  2254 | D:4      | Reached skill level 1 in Dodging
  2254 | D:4      | Reached XP level 7. HP: 59/59 MP: 6/6
  2321 | D:4      | Found a staircase to the Ecumenical Temple.
  2521 | D:4      | Found a blossoming altar of Fedhas.
  2541 | D:4      | Noticed an oklob plant
  2616 | D:4      | Got a warped flail
  2617 | D:4      | Identified the cursed +0 flail of Doatejur {flame, Dex+2} (You found it on level 4 of the Dungeon)
  2682 | D:4      | Found a glowing drain.
  2686 | Sewer    | Entered a sewer
  2708 | Sewer    | Reached * piety under Makhleb
  2918 | Sewer    | Reached ** piety under Makhleb
  3376 | D:5      | Entered Level 5 of the Dungeon
  3452 | D:5      | Noticed Menkaure
  3456 | D:5      | Killed Menkaure
  3456 | D:5      | Reached XP level 8. HP: 62/67 MP: 7/7
  3603 | D:5      | Found an ornate altar of the Wu Jian Council.
  3716 | D:5      | Noticed Blork the orc
  3725 | D:5      | Killed Blork the orc
  4015 | D:6      | Reached skill level 5 in Fighting
  4031 | D:6      | Noticed Grinder
  4054 | D:6      | Killed Grinder
  4196 | D:5      | Reached *** piety under Makhleb
  4260 | D:6      | Noticed Pikel
  4287 | D:6      | Killed Pikel
  4287 | D:6      | Reached XP level 9. HP: 63/75 MP: 8/8
  4430 | D:6      | Noticed Prince Ribbit
  4439 | D:6      | Killed Prince Ribbit
  4439 | D:6      | Reached skill level 16 in Axes
  4449 | D:6      | Noticed a two-headed ogre
  4922 | D:6      | Found a burning altar of Makhleb.
  5050 | D:6      | Killed a two-headed ogre
  5050 | D:6      | Reached skill level 5 in Dodging
  5230 | D:7      | Reached XP level 10. HP: 64/86 MP: 9/9
  5355 | D:7      | Reached **** piety under Makhleb
  5394 | D:7      | Got a vibrating amber ring
  5420 | D:7      | Identified the ring "Moejee" {*Tele rF+ Str+4} (You found it on level 7 of the Dungeon)
  5844 | D:8      | Noticed Joseph
  5858 | D:8      | Killed Joseph
  5985 | D:8      | Found a shadowy altar of Dithmenos.
  6134 | D:8      | Found an ancient bone altar of Kikubaaqudgha.
  6357 | D:9      | Found an opulent altar of Gozag.
  6447 | D:9      | Noticed Maurice
  6451 | D:9      | Paralysed by Maurice for 5 turns
  6461 | D:9      | Killed Maurice
  6500 | D:9      | Found a hazy altar of Hepliaklqana.
  6502 | D:9      | Found a stormy altar of Qazlal.
  6565 | D:9      | Noticed Erolcha
  6565 | D:9      | Cast into level 1 of the Abyss (Erolcha)
  6584 | Abyss:1  | Noticed an orange demon
  6593 | Abyss:1  | Killed an orange demon
  6645 | Abyss:1  | Reached XP level 11. HP: 99/99 MP: 10/10
  6670 | Abyss:1  | Found an ornate altar of the Wu Jian Council.
  6682 | Abyss:1  | Noticed a tentacled starspawn
  6724 | Abyss:1  | Noticed a tentacled starspawn
  6822 | Abyss:1  | Gained mutation: You are frail. (-10% HP) [a neqoxec]
  6823 | Abyss:1  | Gained mutation: You are dopey. (Int -2) [a neqoxec]
  6883 | Abyss:1  | Noticed a starcursed mass
  6888 | Abyss:1  | Noticed an eidolon
  6899 | Abyss:1  | Killed an eidolon
  6899 | Abyss:1  | Reached skill level 10 in Fighting
  6900 | Abyss:1  | Noticed a spatial maelstrom
  6907 | Abyss:1  | HP: 4/89 [spatial maelstrom (10)]
  6907 | Abyss:1  | Slain by a spatial maelstrom

Vault maps used:
D:1:      dpeg_arrival_three_same_balls, minmay_unequal
D:2:      lemuel_round_altar, kennysheep_generic_room_5
D:3:      lemuel_crystal_altar, first_ration
D:4:      gammafunk_temple_overflow_arena, tgw_fedhas, minmay_temple_entry_grid,
          gup_sewer_entry_bowl, glass_columns_a
D:5:      marbit_many_paths, uniq_menkaure, uniq_blork_the_orc
D:6:      makhleb_blood_cavern_becter, uniq_pikel, uniq_prince_ribbit1,
          uniq_grinder
D:7:      grunt_ogre_cave
D:8:      overflow_temple_1_default, kiku_gazebo_pond_becter, uniq_joseph
D:9:      old_standard_altar, eat_drink_and_be_merry_uskayaw,
          chequers_temple_overflow_statue_of_worship,
          nicolae_gozag_cash_rules_everything_around_me, uniq_grum,
          uniq_maurice, uniq_erolcha
Sewer:    sewer_minmay_w

Skill      XL: |  1  2  3  4  5  6  7  8  9 10 11 |
---------------+----------------------------------+-----
Axes           | 3 4 5 6 14 15 16 | 16.6
Fighting       | 4 5 7 9 10 | 10.1
Dodging        | 1 2 3 5 8 |  8.6
Armour         | |  3.6
Shields        | |  3.6

Action                   |  1- 3 |  4- 6 |  7- 9 | 10-12 || total
-------------------------+-------+-------+-------+-------++-------
Melee: War axe           |    69 |    47 |   360 |    74 ||   550
       Headbutt          |    11 |    11 |    49 |    59 ||   130
       Battleaxe         |       |       |       |   156 ||   156
Invok: Lesser Servant of |       |       |     2 |     1 ||     3
       Minor Destruction |       |       |       |     2 ||     2
  Use: Scroll            |       |     5 |    12 |    10 ||    27
       Potion            |       |     1 |     1 |     2 ||     4
  Eat: Chunk             |     1 |     3 |    10 |     5 ||    19
Armor: Scale mail        |    42 |    20 |     2 |       ||    64
       Chain mail        |       |       |   155 |   102 ||   257
Dodge: Dodged            |    24 |    13 |    80 |   107 ||   224
Block: Shield            |    33 |    19 |   143 |    24 ||   219

Table legend:
 A = Spawn XP
 B = Non-spawn XP
 C = Spawn XP percentage of total XP
 D = Spawn monster count
 E = Non-spawn monster count
 F = Spawn count percentage of total count
 G = Total turns spent on level
                    A         B        C        D         E        F      G
               +---------+---------+-------+---------+---------+-------+---------
         Total |    3738 |    9475 |  28.3 |       7 |     221 |   3.1 |  6907
               +---------+---------+-------+---------+---------+-------+---------
           D:1 |       0 |      17 |   0.0 |       0 |      10 |   0.0 |   623
           D:2 |       0 |      75 |   0.0 |       0 |      19 |   0.0 |   557
           D:3 |       0 |     168 |   0.0 |       0 |      14 |   0.0 |   985
           D:4 |       0 |     440 |   0.0 |       0 |      14 |   0.0 |   834
           D:5 |       0 |     859 |   0.0 |       0 |      21 |   0.0 |   738
           D:6 |       0 |    2801 |   0.0 |       0 |      28 |   0.0 |  1047
           D:7 |       0 |    1896 |   0.0 |       0 |      29 |   0.0 |   579
           D:8 |       0 |    1516 |   0.0 |       0 |      26 |   0.0 |   492
           D:9 |       0 |    1293 |   0.0 |       0 |      11 |   0.0 |   333
       Abyss:1 |    3738 |      39 |  99.0 |       7 |       1 |  87.5 |   342
         Sewer |       0 |     371 |   0.0 |       0 |      48 |   0.0 |   377
               +---------+---------+-------+---------+---------+-------+---------
